 Dungeon Crawl Stone Soup version 0.31-a0-187-gba352fbbf7 (webtiles) character file.

Game seed: 3569456789826035929

281 qw the Skirmisher (level 6, -1/35 HPs)
             Began as a Deep Elf Hunter on June 22, 2023.
             Killed from afar by an orc wizard (5 damage)
             ... with a magic dart
             ... on level 4 of the Dungeon.
             The game lasted 00:01:19 (3435 turns).

qw the Skirmisher (Deep Elf Hunter)                 Turns: 3435, Time: 00:01:20

Health: -1/35      AC:  7    Str: 13    XL:     6   Next: 6%
Magic:  8/8        EV: 13    Int: 14    God:
Gold:   243        SH:  0    Dex: 18    Spells: 5/5 levels left

rFire   . . .        Y - +1 shortbow
rCold   + . .        (shield currently unavailable)
rNeg    . . .        k - +0 leather armour of the Orb {+Blink rC+ Will+ Str+3}
rPois   .            l - +0 helmet
rElec   .            (no cloak)
rCorr   .            b - +2 pair of gloves
SInv    .            (no boots)
Will    ++...        n - amulet of faith
Stlth   ++           f - ring of willpower
HPRegen 0.25/turn    (no ring)
MPRegen 0.11/turn

%: faith
@: no status effects
A: no striking features
a: Evoke Blink


You were on level 4 of the Dungeon.
You visited 1 branch of the dungeon, and saw 4 of its levels.

You collected 243 gold pieces.


   Skills:
 - Level 2.0 Fighting
 + Level 9.1 Ranged Weapons
 - Level 3.3 Dodging
 - Level 1.2 Stealth


You had 5 spell levels left.
You didn't know any spells.
Your spell library was empty.

Inventory:

Hand Weapons
 Y - a +1 shortbow (weapon)
Armour
 b - a +2 pair of gloves (worn)
 k - the +0 leather armour of the Orb (worn) {+Blink rC+ Will+ Str+3}
   (You found it on level 3 of the Dungeon)

   Str:       It affects your strength (+3).
   rC:        It protects you from cold.
   +Blink:    It lets you blink.
   Will:      It increases your willpower.
 l - a +0 helmet (worn)
 o - a +0 ring mail
Jewellery
 f - a ring of willpower (left hand)
 m - an amulet of the acrobat
 n - an amulet of faith (around neck)
Scrolls
 a - a scroll of identify
Potions
 d - a potion of enlightenment {unknown}
 e - a potion of might {unknown}
 h - 3 potions of curing
 j - a potion of haste
 p - a potion of degeneration {unknown}

Dungeon Overview and Level Annotations

Branches:
Dungeon (4/15)
 Temple: D:4-7

Altars:
Fedhas
Kikubaaqudgha
Makhleb
Zin


Message History

Something hits you.
You shoot an arrow.
You hear some strange, mumbled words.
A magic dart appears from out of thin air!
The magic dart hits you.
You shoot an arrow. Something hits you.
You shoot an arrow. Something hits you.
You shoot an arrow. Something hits you but does no damage.
You shoot an arrow. Something hits you but does no damage.
You shoot an arrow. Something hits you but does no damage.
You shoot an arrow. Something hits you but does no damage.
You shoot an arrow.
You hear some strange, mumbled words.
A puff of flame appears from out of thin air!
The puff of flame hits you.
You shoot an arrow.
You hear some strange, mumbled words.
Something tries to affect you, but you resist.
You shoot an arrow. Something hits you but does no damage.
You shoot an arrow. Something barely misses you.
You shoot an arrow. Something hits you.
You shoot an arrow.
You hear some strange, mumbled words.
A magic dart appears from out of thin air!
The magic dart hits you!
You shoot an arrow. You shoot an arrow.
You hear some strange, mumbled words.
A magic dart appears from out of thin air!
The magic dart hits you.
You die...

...# ### #######.......# #..
...#?.# #.......####..# ###
._.#..# #....#..####..# ##
...#.?######..#.......#..###
##. ...#
###........#..##......####..
####
#.##........))....#.....:.
#.##..###........:#...~~~~
#.##......{.#######..~....
#......##@#.# #..~.###
####.#.##.#.# ###.~.#..
#.#.##.#.### #...~.#._
#.....[....# #...~.#..
###.##.....# #...~.#.#
#.##.<...# #...~....
#####.##.....# #...~~~~~
#.....##.....# #.......[
#.###.######## #.......#


There were no monsters in sight!

Vanquished Creatures
  A scorpion (D:4)
  2 orc priests (D:4)
  2 hounds
  2 adders (D:2)
  An ufetubus (D:4)
  A worm (D:3)
  2 dart slugs
  9 orcs
  8 ball pythons
  4 bats
  7 endoplasms
  7 goblins
  8 hobgoblins
  5 quokkas
  A frilled lizard (D:2)
  2 kobolds
  6 rats
68 creatures vanquished.

Notes
Turn   | Place    | Note
-------+----------+-------------------------------------------
     0 | D:1      | qw the Deep Elf Hunter began the quest for the Orb.
     0 | D:1      | Reached XP level 1. HP: 12/12 MP: 3/3
     0 | D:1      | 0 ||| qw: Version: 0.3-a-9-g12657ce
     0 | D:1      | 0 ||| qw: Game counter: 2220
     0 | D:1      | 0 ||| qw: Always use a shield: true
     0 | D:1      | 0 ||| qw: God list: Okawaru
     0 | D:1      | 0 ||| qw: Allow faded altars: false
     0 | D:1      | 0 ||| qw: Do Orc after D:15 true
     0 | D:1      | 0 ||| qw: Do second Lair branch before Depths: true
     0 | D:1      | 0 ||| qw: Lair rune preference: random
     0 | D:1      | 0 ||| qw: Plans: Normal
     0 | D:1      | 0 ||| PLANNING D:1-11
   184 | D:1      | Reached XP level 2. HP: 16/16 MP: 4/4
   205 | D:1      | Reached skill level 6 in Ranged Weapons
   812 | D:1      | 812 ||| DROPPING amulet of magic regeneration.
   813 | D:1      | 813 ||| UPGRADING to ring of willpower.
   814 | D:1      | 814 ||| READING scroll labelled PAFETU RUSEOCH.
   815 | D:1      | 815 ||| DROPPING scroll of butterflies.
   875 | D:2      | Reached XP level 3. HP: 20/20 MP: 5/5
  1002 | D:2      | Reached skill level 7 in Ranged Weapons
  1364 | D:2      | 1364 ||| UPGRADING to +2 pair of gloves.
  1369 | D:2      | 1369 ||| UPGRADING to +0 scale mail.
  1379 | D:2      | 1379 ||| DROPPING +0 leather armour.
  1380 | D:2      | 1380 ||| READING 2 scrolls labelled MIWAMNU VIGHOE.
  1381 | D:2      | 1381 ||| READING scroll labelled TYCWURHUHEN.
  1482 | D:2      | 1482 ||| READING scroll labelled ZUNAZI AG QOFOE.
  1486 | D:2      | 1486 ||| DRINKING 3 black potions.
  1627 | D:3      | Identified the +0 leather armour of the Orb {+Blink rC+
                  | Will+ Str+3}
  1710 | D:3      | 1710 ||| FLEEEEING.
  1755 | D:3      | Reached XP level 4. HP: 25/25 MP: 6/6
  1852 | D:3      | Found a faded altar of an unknown god.
  1925 | D:3      | Reached skill level 8 in Ranged Weapons
  2273 | D:3      | 2273 ||| UPGRADING to +0 leather armour of the Orb {+Blink
                  | rC+ Will+ Str+3}.
  2283 | D:3      | 2283 ||| UPGRADING to amulet of the acrobat.
  2288 | D:3      | 2288 ||| UPGRADING to amulet of faith.
  2298 | D:3      | 2298 ||| READING scroll labelled LOCIHU WUIV.
  2299 | D:3      | 2299 ||| READING scroll labelled TUGRUPL QEIGGA.
  2300 | D:3      | 2300 ||| READING scroll labelled GESHORGH XIPUSIZ.
  2333 | D:4      | Found a blossoming altar of Fedhas.
  2346 | D:4      | Reached skill level 3 in Dodging
  2346 | D:4      | Reached XP level 5. HP: 22/29 MP: 7/7
  2346 | D:4      | 2346 ||| FLEEEEING.
  2347 | D:4      | 2347 ||| FLEEEEING.
  2348 | D:4      | 2348 ||| FLEEEEING.
  2349 | D:4      | 2349 ||| FLEEEEING.
  2353 | D:4      | 2353 ||| FLEEEEING.
  2354 | D:4      | 2354 ||| FLEEEEING.
  2355 | D:4      | 2355 ||| FLEEEEING.
  2356 | D:4      | 2356 ||| FLEEEEING.
  2357 | D:4      | 2357 ||| FLEEEEING.
  2358 | D:4      | 2358 ||| FLEEEEING.
  2359 | D:4      | 2359 ||| FLEEEEING.
  2360 | D:4      | 2360 ||| FLEEEEING.
  2361 | D:4      | 2361 ||| FLEEEEING.
  2362 | D:4      | 2362 ||| FLEEEEING.
  2439 | D:4      | Found an ancient bone altar of Kikubaaqudgha.
  2467 | D:4      | Found a burning altar of Makhleb.
  2603 | D:4      | 2603 ||| FLEEEEING.
  2742 | D:4      | 2742 ||| FLEEEEING.
  2746 | D:4      | 2746 ||| FLEEEEING.
  2752 | D:4      | 2752 ||| FLEEEEING.
  2753 | D:4      | 2753 ||| FLEEEEING.
  2769 | D:4      | HP: 3/29 [orc priest/divine providence (12)]
  2770 | D:4      | 2770 ||| READING 2 scrolls of teleportation.
  2773 | D:4      | 2773 ||| READING scroll of teleportation.
  2922 | D:4      | HP: 7/29 [poisoned by a scorpion]
  2924 | D:4      | Reached skill level 9 in Ranged Weapons
  3094 | D:4      | Reached XP level 6. HP: 22/35 MP: 8/8
  3253 | D:4      | Found a glowing silver altar of Zin.
  3390 | D:4      | 3390 ||| DROPPING +0 scale mail.
  3391 | D:4      | 3391 ||| UPGRADING to +0 helmet.
  3396 | D:4      | 3396 ||| READING scroll labelled ORUSIC KEFOYMA.
  3433 | D:4      | HP: 3/35 [something/magic dart (10)]
  3435 | D:4      | Killed from afar by an orc wizard

Levels and vault maps discovered:
D:1:      lemuel_arrival_behind_the_door_small, layout_basic
D:2:      layout_rooms
D:3:      layout_loops_ring, basic_ecumenical_altar
D:4:      layout_loops_cross, mainiacjoe_overflow_brackets,
          kiku_gazebo_garden_becter, mainiacjoe_overflow_chevrons,
          zin_scriptorium

Skill      XL: |  1  2  3  4  5 |
---------------+----------------+-----
Ranged Weapons | 6 7 8 9 |  9.1
Dodging        | 3 |  3.3
Fighting       | 2 |  2.0
Stealth        | |  1.2

Action                     |  1- 3 |  4- 6 || total
---------------------------+-------+-------++-------
   Fire: Shortbow          |   119 |   147 ||   266
    Use: Scroll            |     4 |     6 ||    10
         Potion            |     1 |       ||     1
 Armour: Leather armour    |    13 |     9 ||    22
         Scale mail        |     5 |    15 ||    20
  Dodge: Dodged            |    20 |    31 ||    51

Table legend:
 A = Non-vault XP
 B = Vault XP
 C = Vault XP percentage of total XP
 D = Non-vault monster count
 E = Vault monster count
 F = Vault count percentage of total count
                 A         B        C        D         E       F
            +---------+---------+-------+---------+---------+-------
      Total |     402 |       0 |   0.0 |      68 |       0 |   0.0
            +---------+---------+-------+---------+---------+-------
        D:1 |      26 |       0 |   0.0 |      15 |       0 |   0.0
        D:2 |      56 |       0 |   0.0 |      21 |       0 |   0.0
        D:3 |      74 |       0 |   0.0 |      16 |       0 |   0.0
        D:4 |     246 |       0 |   0.0 |      16 |       0 |   0.0
            +---------+---------+-------+---------+---------+-------
